AoeStats
← Ansrad

Arena

510245432Analyzed
1v1 RM · 2d ago on Sep 30, 2026· 50m 9s· 2 players
Game mode
Random Map
Map size
Tiny (2 player)
Population
200
Speed
Normal
Resources
Standard
Victory
Conquest
Starting age
Dark Age
Ending age
Imperial Age
RankedLock teamsTeams togetherTeam positionsShared explorationLock speedFull tech treeHidden civsTurbo modeCheats
Victory
Defeat
🇺🇸 Bulgarians · United States
728
+16
🇨🇱 Persians · Chile
737
-16
Bounce
1:05 Loom
12:05 Feudal Age
12:43 Gold Mining
12:44 Double-Bit Axe
12:53 Horse Collar
15:24 Wheelbarrow
17:20 Forging
17:29 Arson
18:06 Scale Mail Armor
25:21 Castle Age
25:36 Pikeman
26:16 Squires
27:08 Heavy Plow
29:26 Bow Saw
30:47 Iron Casting
30:44 Hand Cart
31:07 Gold Shaft Mining
32:11 Herbal Medicine
34:06 Chain Mail Armor
38:44 Imperial Age
37:14 Ballistics
36:51 Murder Holes
36:59 Stone Mining
38:52 Onager
40:23 Crop Rotation
39:49 Halberdier
42:24 Town Watch
43:06 Conscription
44:14 Siege Onager
44:54 Fletching
Ansrad
10:54 Feudal Age
9:09 Loom
16:13 Castle Age
16:45 Double-Bit Axe
18:58 Scale Barding Armor
28:51 Chain Barding Armor
29:37 Bow Saw
31:00 Forging
31:25 Murder Holes
31:27 Guard Tower
31:53 Masonry
35:08 Imperial Age
35:54 Conscription
36:20 Wheelbarrow
36:03 Forging
36:43 Ballistics
37:31 Two-Man Saw
39:39 Crossbowman
40:25 Thumb Ring
39:59 Heavy Scorpion
42:29 Sappers
47:38 Chemistry
48:07 Plate Barding Armor
48:08 Iron Casting
47:07 Cavalier
47:58 Bloodlines
47:49 Husbandry
49:46 Savar
Connection lost

Rejoining the realm…

Still unreachable

The connection could not be restored.

Session expired

The server has moved on; the page needs a fresh start.